 Dungeon Sprint DCSS version 0.31-a0-1-g4198be8af4 (webtiles) character file.

Game seed: 9482711312470479258

9300000 123456 the Intangible (level 27, -19/323 HPs)
             Began as a Demonspawn Gladiator on May 1, 2023.
             Was the Champion of Makhleb.
             Killed by the air
             ... invoked by a tyrant
              (55 damage)
             ... in the Dungeon (Sprint VIII: "Arena of Blood").
             The game lasted 00:02:42 (93 turns).

123456 the Intangible (Demonspawn Gladiator)          Turns: 93, Time: 00:02:42

Health: -19/323    AC:  8    Str: 16    XL:     27
Magic:  54/54      EV: 44    Int: 16    God:    Makhleb [******]
Gold:   0          SH:  0    Dex: 27    Spells: 80/80 levels left

rFire   . . .        k - +∞ Axe of Woe
rCold   . . .        (shield currently unavailable)
rNeg    . . .        a - +0 leather armour
rPois   .            b - +0 helmet
rElec   .            (no cloak)
rCorr   .            (gloves unavailable)
SInv    .            (no boots)
Will    ++...        (no amulet)
Stlth   ++++++++++   (no ring)
HPRegen 0.73/turn    (no ring)
MPRegen 0.34/turn

%: no teleportation, wizardry (x1)
@: mighty, agile
A: claws 3, demonic guardian 3, powered by pain 3, robust 3, big brain 3
a: Renounce Religion, Minor Destruction, Lesser Servant of Makhleb, Major
Destruction, Greater Servant of Makhleb


You were in the Dungeon.
You worshipped Makhleb.
Makhleb was exalted by your worship.
You visited 1 branch

Inventory:

Hand Weapons
 k - the +∞ Axe of Woe (weapon)
   (You found it in the Dungeon)
Missiles
 c - 3 throwing nets (quivered)
 d - a javelin
Armour
 a - a +0 leather armour (worn)
 b - a +0 helmet (worn)
Scrolls
 j - a scroll of blinking
Potions
 e - a potion of curing
 f - a potion of heal wounds
 g - a potion of haste
 h - 2 potions of magic
 i - a potion of berserk rage


   Skills:
 O Level 27 Fighting
 O Level 27 Short Blades
 O Level 27 Long Blades
 O Level 27 Axes
 O Level 27 Maces & Flails
 O Level 27 Polearms
 O Level 27 Staves
 O Level 27 Ranged Weapons
 O Level 27 Throwing
 O Level 27 Armour
 O Level 27 Dodging
 O Level 27 Stealth
 O Level 27 Shields
 O Level 27 Unarmed Combat
 O Level 27 Spellcasting
 O Level 27 Conjurations
 O Level 27 Hexes
 O Level 27 Summonings
 O Level 27 Necromancy
 O Level 27 Translocations
 O Level 27 Transmutations
 O Level 27 Fire Magic
 O Level 27 Ice Magic
 O Level 27 Air Magic
 O Level 27 Earth Magic
 O Level 27 Poison Magic
 O Level 27 Invocations
 O Level 27 Evocations


You had 80 spell levels left.
You didn't know any spells.
Your spell library was empty.

Dungeon Overview and Level Annotations

Branches:
Dungeon (1/1)

Altars:
Makhleb


Innate Abilities, Weirdness & Mutations

You have claws for hands.
A powerful demonic guardian rushes to your aid.
You are powered by pain.
You are extremely robust. (+30% HP)
You have an absolutely massive brain. (Int +6, Wiz)


Message History

You hear a shout! x2
The eight-headed meat hydra calls on the powers of darkness!
The eight-headed meat hydra convulses!
Your body is wracked with pain!
* * * LOW HITPOINT WARNING * * *
You focus on the pain.
You feel mightier all of a sudden.
Something is bathed in an unholy light! x2; The bag of meat convulses!
Something is bathed in an unholy light!
The bag of meat convulses! x5
The eight-headed meat hydra convulses!
The meat berserker convulses!
The bag of meat convulses!
You hear a shout!
Unknown command.
Unknown command.
You slice something!!
You cleave something in twain.
Makhleb accepts your kill.
You feel better.
Reactivating autopickup.
You feel a bit more experienced.
You hit something.
You pulverise something into a thin bloody mist.
Makhleb accepts your kill.
You feel better.
You feel a bit more experienced.
You slash the sculptor of flesh!
You pulverise the sculptor of flesh into a thin bloody mist.
You destroy the sculptor of flesh!
Makhleb accepts your kill.
The tyrant appears out of thin air!
A tyrant comes into view.
You hear a shout! x2
The eight-headed meat hydra calls on the powers of darkness!
The eight-headed meat hydra convulses!
The meat berserker convulses!
The bag of meat convulses! x6; Your body is wracked with pain!
* * * LOW HITPOINT WARNING * * *
The eight-headed meat hydra convulses!
Something is bathed in an unholy light!
A bag of meat comes into view. It is wielding a +9 war axe.
The accursed casts a spell at you. Something smites you!
* * * LOW HITPOINT WARNING * * *
The tyrant waves its bony arms in wide circles.
The air twists around and strikes you!!!
You die...

..###.. ...###....
......###.........
......._).........
#..)))#..DOo.. .
#_°☼○_#.......
....#.○))°#..o...#
......§_○)oooX....
......###☼○Xo.LX.o
..###....D)@###....
. #.....))# ...
#.......# .M.......
....o......
..........
..L.....M#
........#.


You could see 2 accurseds, 2 tyrants, 2 eight-headed meat hydras, 3 large
abominations, a meat berserker (berserk) and 8 bags of meat.

Vanquished Creatures
  Sigmund (D)
  10 hell beasts (D)
  2 royal mummies (D)
  2 great orbs of eyes (D)
  2 wraiths (D)
  16 vampire knights (D)
  41 ogres (D)
  7 two-headed ogres (D)
  2 liches (D)
  2 hydras (D)
  A phantom (D)
  63 orcs (D)
  6 skeletal warriors (D)
155 creatures vanquished.

Notes
Turn   | Place    | Note
-------+----------+-------------------------------------------
     0 | D        | Found the +∞ Axe of Woe
     0 | D        | 123456 the Demonspawn Gladiator began the quest for the
                  | Orb.
     0 | D        | Reached XP level 1. HP: 16/16 MP: 1/1
     2 | D        | Noticed a bag of meat
     4 | D        | Became a worshipper of Makhleb the Destroyer
     7 | D        | Noticed a meat berserker
     9 | D        | Killed a bag of meat
     9 | D        | Noticed a meat berserker
    10 | D        | Reached skill level 15 in Dodging
    10 | D        | Gained mutation: You have sharp fingernails. [demonic
                  | ancestry]
    10 | D        | Reached XP level 2. HP: 34/34 MP: 2/2
    10 | D        | Gained mutation: A weak demonic guardian rushes to your
                  | aid. [demonic ancestry]
    10 | D        | Reached XP level 3. HP: 40/40 MP: 3/3
    10 | D        | Gained mutation: You sometimes gain a little power by
                  | taking damage. [demonic ancestry]
    10 | D        | Reached XP level 4. HP: 46/46 MP: 4/4
    10 | D        | Gained mutation: A demonic guardian rushes to your aid.
                  | [demonic ancestry]
    10 | D        | Reached XP level 5. HP: 52/52 MP: 5/5
    10 | D        | Reached XP level 6. HP: 59/59 MP: 6/6
    10 | D        | Gained mutation: You have an unusually large brain. (Int
                  | +2) [demonic ancestry]
    10 | D        | Reached XP level 7. HP: 64/64 MP: 7/7
    10 | D        | Gained mutation: You have very sharp fingernails. [demonic
                  | ancestry]
    10 | D        | Reached XP level 8. HP: 71/71 MP: 8/8
    10 | D        | Gained mutation: You have an extremely huge brain. (Int +4)
                  | [demonic ancestry]
    10 | D        | Reached XP level 9. HP: 77/77 MP: 9/9
    10 | D        | Reached XP level 10. HP: 83/83 MP: 10/10
    11 | D        | Noticed a bag of meat
    11 | D        | Noticed a bag of meat
    12 | D        | Noticed a bag of meat
    13 | D        | Killed a meat berserker
    13 | D        | Reached * piety under Makhleb
    13 | D        | Noticed a meat berserker
    14 | D        | Reached skill level 5 in Axes
    14 | D        | Reached skill level 10 in Throwing
    14 | D        | Reached XP level 11. HP: 95/95 MP: 11/11
    14 | D        | Gained mutation: You sometimes gain power by taking damage.
                  | [demonic ancestry]
    14 | D        | Reached XP level 12. HP: 102/102 MP: 12/12
    14 | D        | Noticed a bag of meat
    14 | D        | Noticed a bag of meat
    14 | D        | HP: 4/102 [bag of meat/+9 war axe (20)]
    15 | D        | Killed a bag of meat
    15 | D        | Killed a meat berserker
    15 | D        | Noticed a meat berserker
    16 | D        | Reached skill level 1 in Armour
    16 | D        | Gained mutation: You are powered by pain. [demonic
                  | ancestry]
    16 | D        | Reached XP level 13. HP: 5/113 MP: 13/13
    16 | D        | Killed a bag of meat
    16 | D        | Reached ** piety under Makhleb
    16 | D        | Noticed a meat berserker
    16 | D        | Noticed a bag of meat
    17 | D        | Reached XP level 14. HP: 33/121 MP: 14/14
    17 | D        | Killed a meat berserker
    17 | D        | Killed a bag of meat
    17 | D        | Noticed a meat berserker
    17 | D        | Noticed a bag of meat
    17 | D        | Noticed a bag of meat
    18 | D        | Reached skill level 10 in Axes
    18 | D        | Noticed a bag of meat
    18 | D        | Noticed a bag of meat
    18 | D        | Noticed a meat berserker
    18 | D        | Noticed a bag of meat
    18 | D        | Noticed a large bag of meat
    19 | D        | Noticed a meat berserker
    19 | D        | Killed a bag of meat
    19 | D        | Reached *** piety under Makhleb
    19 | D        | Killed a meat berserker
    19 | D        | Noticed a meat berserker
    19 | D        | Noticed a bag of meat
    19 | D        | Noticed a bag of meat
    20 | D        | Reached XP level 15. HP: 52/135 MP: 15/15
    20 | D        | Noticed a meat berserker
    20 | D        | Killed a meat berserker
    20 | D        | Killed a meat berserker
    20 | D        | Reached **** piety under Makhleb
    20 | D        | Killed a meat berserker
    20 | D        | Noticed a large bag of meat
    20 | D        | Noticed a meat berserker
    21 | D        | Reached skill level 27 in Dodging
    21 | D        | Gained mutation: A powerful demonic guardian rushes to your
                  | aid. [demonic ancestry]
    21 | D        | Reached XP level 16. HP: 144/149 MP: 16/16
    21 | D        | Noticed a destroyer
    22 | D        | Noticed a destroyer
    22 | D        | Noticed a meat berserker
    22 | D        | Noticed a destroyer
    23 | D        | Killed a large bag of meat
    24 | D        | Reached skill level 15 in Throwing
    24 | D        | Reached skill level 27 in Unarmed Combat
    24 | D        | Killed a meat berserker
    24 | D        | Reached ***** piety under Makhleb
    24 | D        | Noticed a meat berserker
    25 | D        | Reached XP level 17. HP: 150/164 MP: 17/17
    25 | D        | Killed a destroyer
    25 | D        | Killed a meat berserker
    25 | D        | Noticed a meat berserker
    26 | D        | Noticed an eight-headed meat hydra
    26 | D        | Killed a destroyer
    26 | D        | Killed a meat berserker
    26 | D        | Noticed a destroyer
    27 | D        | Reached skill level 27 in Fighting
    27 | D        | Reached skill level 27 in Axes
    27 | D        | Reached XP level 18. HP: 182/182 MP: 18/18
    27 | D        | Killed a meat berserker
    27 | D        | Noticed a large bag of meat
    29 | D        | Noticed a destroyer
    29 | D        | Reached ****** piety under Makhleb
    29 | D        | Killed a meat berserker
    30 | D        | Reached skill level 27 in Throwing
    30 | D        | Noticed a meat berserker
    30 | D        | Killed a nine-headed meat hydra
    31 | D        | Gained mutation: You are robust. (+10% HP) [demonic
                  | ancestry]
    31 | D        | Reached XP level 19. HP: 182/207 MP: 19/19
    31 | D        | Noticed a meat berserker
    32 | D        | Killed a large bag of meat
    32 | D        | Killed a meat berserker
    32 | D        | Noticed a destroyer
    33 | D        | Noticed a meat berserker
    33 | D        | Noticed a large bag of meat
    34 | D        | Reached skill level 27 in Armour
    34 | D        | Noticed a destroyer
    34 | D        | Killed a destroyer
    34 | D        | Killed a destroyer
    35 | D        | Reached skill level 27 in Stealth
    35 | D        | Gained mutation: You have claws for hands. [demonic
                  | ancestry]
    35 | D        | Reached XP level 20. HP: 197/216 MP: 20/20
    35 | D        | Killed a destroyer
    35 | D        | Killed a destroyer
    36 | D        | Reached skill level 5 in Short Blades
    36 | D        | Reached skill level 5 in Shields
    36 | D        | Reached skill level 5 in Spellcasting
    36 | D        | Reached skill level 5 in Conjurations
    36 | D        | Reached skill level 5 in Hexes
    36 | D        | Reached skill level 5 in Summonings
    36 | D        | Reached skill level 5 in Translocations
    36 | D        | Reached skill level 5 in Transmutations
    36 | D        | Reached skill level 5 in Fire Magic
    36 | D        | Reached skill level 5 in Ice Magic
    36 | D        | Reached skill level 5 in Air Magic
    36 | D        | Reached skill level 5 in Earth Magic
    36 | D        | Reached skill level 5 in Poison Magic
    36 | D        | Reached skill level 5 in Evocations
    37 | D        | Killed a large bag of meat
    37 | D        | Killed a meat berserker
    38 | D        | Reached skill level 10 in Invocations
    38 | D        | Gained mutation: You are very robust. (+20% HP) [demonic
                  | ancestry]
    38 | D        | Reached XP level 21. HP: 181/244 MP: 20/31
    38 | D        | Killed a large bag of meat
    38 | D        | Noticed a destroyer
    38 | D        | Noticed a large bag of meat
    39 | D        | Reached skill level 10 in Conjurations
    39 | D        | Reached skill level 10 in Hexes
    39 | D        | Reached skill level 10 in Summonings
    39 | D        | Reached skill level 10 in Necromancy
    39 | D        | Reached skill level 10 in Poison Magic
    39 | D        | Reached skill level 10 in Evocations
    39 | D        | Noticed a destroyer
    40 | D        | Noticed a destroyer
    41 | D        | Reached skill level 10 in Short Blades
    41 | D        | Reached skill level 10 in Shields
    41 | D        | Reached skill level 10 in Spellcasting
    41 | D        | Reached skill level 10 in Translocations
    41 | D        | Reached skill level 10 in Transmutations
    41 | D        | Reached skill level 10 in Fire Magic
    41 | D        | Reached skill level 10 in Ice Magic
    41 | D        | Reached skill level 10 in Air Magic
    41 | D        | Reached skill level 10 in Earth Magic
    41 | D        | Reached XP level 22. HP: 245/254 MP: 31/36
    42 | D        | Reached skill level 10 in Long Blades
    42 | D        | Reached skill level 10 in Maces & Flails
    42 | D        | Reached skill level 10 in Polearms
    42 | D        | Reached skill level 10 in Staves
    42 | D        | Reached skill level 10 in Ranged Weapons
    42 | D        | Reached skill level 15 in Invocations
    42 | D        | Killed a destroyer
    43 | D        | Noticed an accursed
    43 | D        | Killed a destroyer
    44 | D        | Reached skill level 15 in Necromancy
    45 | D        | Reached XP level 23. HP: 240/262 MP: 37/40
    45 | D        | Killed a destroyer
    47 | D        | Reached skill level 15 in Conjurations
    47 | D        | Reached skill level 15 in Hexes
    47 | D        | Reached skill level 15 in Summonings
    47 | D        | Reached skill level 15 in Poison Magic
    47 | D        | Reached skill level 15 in Evocations
    47 | D        | Killed a large bag of meat
    49 | D        | Reached skill level 15 in Short Blades
    49 | D        | Reached skill level 15 in Shields
    49 | D        | Reached skill level 15 in Spellcasting
    49 | D        | Reached skill level 15 in Translocations
    49 | D        | Reached skill level 15 in Transmutations
    49 | D        | Reached skill level 15 in Fire Magic
    49 | D        | Reached skill level 15 in Ice Magic
    49 | D        | Reached skill level 15 in Air Magic
    49 | D        | Reached skill level 15 in Earth Magic
    49 | D        | Killed an accursed
    50 | D        | Reached XP level 24. HP: 263/272 MP: 41/42
    50 | D        | Killed a destroyer
    50 | D        | Noticed a destroyer
    51 | D        | Noticed a destroyer
    51 | D        | Noticed a destroyer
    53 | D        | Reached skill level 15 in Long Blades
    53 | D        | Reached skill level 15 in Maces & Flails
    53 | D        | Reached skill level 15 in Polearms
    53 | D        | Reached skill level 15 in Staves
    53 | D        | Reached skill level 15 in Ranged Weapons
    54 | D        | Killed a destroyer
    55 | D        | Noticed a dread
    55 | D        | Noticed a meat beast
    55 | D        | Noticed a large bag of meat
    57 | D        | Killed a destroyer
    57 | D        | Killed a dread
    58 | D        | Gained mutation: You are extremely robust. (+30% HP)
                  | [demonic ancestry]
    58 | D        | Reached XP level 25. HP: 272/304 MP: 44/45
    58 | D        | Noticed a meat beast
    59 | D        | Noticed a meat beast
    59 | D        | Noticed an accursed
    60 | D        | Killed a meat beast
    60 | D        | Killed a meat beast
    61 | D        | Reached skill level 27 in Invocations
    61 | D        | Reached XP level 26. HP: 314/314 MP: 45/47
    62 | D        | Killed a destroyer
    62 | D        | Killed a meat beast
    63 | D        | Gained mutation: You have an absolutely massive brain. (Int
                  | +6, Wiz) [demonic ancestry]
    63 | D        | Reached XP level 27. HP: 311/323 MP: 45/49
    63 | D        | Noticed a destroyer
    66 | D        | Noticed a meat beast
    66 | D        | Noticed a meat beast
    66 | D        | Noticed a dread
    66 | D        | Noticed a meat beast
    66 | D        | Noticed a large bag of meat
    68 | D        | Reached skill level 27 in Necromancy
    68 | D        | Killed a meat beast
    68 | D        | Killed a destroyer
    68 | D        | Noticed a destroyer
    69 | D        | Killed a meat beast
    70 | D        | Reached skill level 27 in Conjurations
    70 | D        | Reached skill level 27 in Hexes
    70 | D        | Reached skill level 27 in Summonings
    70 | D        | Reached skill level 27 in Poison Magic
    70 | D        | Reached skill level 27 in Evocations
    70 | D        | Killed an accursed
    70 | D        | Killed a meat beast
    71 | D        | Killed a dread
    72 | D        | Reached skill level 27 in Short Blades
    72 | D        | Reached skill level 27 in Air Magic
    72 | D        | Reached skill level 27 in Earth Magic
    73 | D        | Reached skill level 27 in Shields
    73 | D        | Reached skill level 27 in Spellcasting
    73 | D        | Reached skill level 27 in Translocations
    73 | D        | Reached skill level 27 in Transmutations
    73 | D        | Reached skill level 27 in Fire Magic
    73 | D        | Reached skill level 27 in Ice Magic
    73 | D        | Noticed a meat beast
    74 | D        | Noticed a tyrant
    75 | D        | Killed a large bag of meat
    76 | D        | Reached skill level 27 in Long Blades
    76 | D        | Reached skill level 27 in Maces & Flails
    76 | D        | Reached skill level 27 in Polearms
    76 | D        | Reached skill level 27 in Staves
    76 | D        | Reached skill level 27 in Ranged Weapons
    77 | D        | Killed a meat beast
    79 | D        | Noticed The Captor
    80 | D        | Noticed a destroyer
    80 | D        | Noticed a meat beast
    80 | D        | Noticed a meat beast
    80 | D        | Noticed a tyrant
    81 | D        | Killed a large bag of meat
    81 | D        | Killed a tyrant
    82 | D        | Killed a meat beast
    83 | D        | Killed a destroyer
    84 | D        | Killed a destroyer
    84 | D        | Noticed a meat beast
    85 | D        | Killed a meat beast
    85 | D        | Noticed a tyrant
    88 | D        | Killed a meat beast
    90 | D        | Killed The Captor
    90 | D        | Noticed an accursed
    91 | D        | Killed a tyrant
    93 | D        | Noticed an accursed
    93 | D        | Killed from afar by a tyrant

Illustrated notes

Levels and vault maps discovered:
D:        meatsprint

Skill      XL: |  1  2  3  4  5  6  7  8  9 10 11 12 13 14 15 16 17 18 19 20 21 22 23 24 25 26 27 |
---------------+----------------------------------------------------------------------------------+-----
Fighting       | 9 11 14 17 20 23 27 | 27.0
Axes           | 3 5 8 9 12 17 22 27 | 27.0
Throwing       | 8 10 11 13 14 16 22 27 | 27.0
Dodging        | 15 18 21 25 27 | 27.0
Unarmed Combat | 14 18 20 21 24 26 27 | 27.0
Armour         | 1 3 4 7 12 22 27 | 27.0
Stealth        | 27 | 27.0
Short Blades   | 7 10 13 15 18 20 22 27 | 27.0
Long Blades    | 6 9 11 14 16 18 20 27 | 27.0
Maces & Flails | 6 9 11 14 16 18 20 27 | 27.0
Polearms       | 6 9 11 14 16 18 20 27 | 27.0
Staves         | 6 9 11 14 16 18 20 27 | 27.0
Ranged Weapons | 6 9 11 14 16 18 20 27 | 27.0
Shields        | 7 10 13 15 18 20 22 27 | 27.0
Spellcasting   | 7 10 13 15 18 20 22 27 | 27.0
Conjurations   | 7 11 14 17 19 22 23 27 | 27.0
Hexes          | 7 11 14 17 19 22 23 27 | 27.0
Summonings     | 7 11 14 17 19 22 23 27 | 27.0
Necromancy     | 8 12 15 18 21 23 25 27 | 27.0
Translocations | 7 10 13 15 18 20 22 27 | 27.0
Transmutations | 7 10 13 15 18 20 22 27 | 27.0
Fire Magic     | 7 10 13 15 18 20 22 27 | 27.0
Ice Magic      | 7 10 13 15 18 20 22 27 | 27.0
Air Magic      | 7 10 13 15 18 20 22 27 | 27.0
Earth Magic    | 7 10 13 15 18 20 22 27 | 27.0
Poison Magic   | 7 11 14 17 19 22 24 27 | 27.0
Invocations    | 10 14 18 21 24 27 | 27.0
Evocations     | 7 11 14 17 19 22 23 27 | 27.0

Action                     |  1- 3 |  4- 6 |  7- 9 | 10-12 | 13-15 | 16-18 | 19-21 | 22-24 | 25-27 || total
---------------------------+-------+-------+-------+-------+-------+-------+-------+-------+-------++-------
  Melee: Executioner's axe |     1 |       |       |     2 |     4 |     7 |     9 |    14 |    30 ||    67
   Stab: Distracted        |       |       |       |       |       |       |     1 |       |       ||     1
 Armour: Leather armour    |       |       |       |       |       |       |       |       |     2 ||     2
  Dodge: Dodged            |       |       |       |       |     2 |     2 |       |     2 |     5 ||    11

Table legend: (Time is in decaauts)
 A = Elapsed time spent in this place.
 B = Non-inter-level travel time spent in this place.
 C = Inter-level travel time spent in this place.
 D = Time resting spent in this place.
 E = Time spent auto-exploring this place.
 F = Levels seen in this place.
 G = Mean time per level.
                   A        B        C        D        E       F      G
               +--------+--------+--------+--------+--------+-----+--------+
         Total |     86 |     86 |      0 |      0 |      0 |   1 |   86.0 |
       Dungeon |     86 |     86 |      0 |      0 |      0 |   1 |   86.0 |
               +--------+--------+--------+--------+--------+-----+--------+

Top non-repeatable levels by time:
       D: 86 daAuts
